 Dungeon Crawl Stone Soup version 0.24-a0-230-g536ed4e33c (webtiles) character file.

Game seed: 18428194537404206689

44117 Redear the Thaumaturge (level 14, -5/106 HPs)
             Began as a Gnoll Fire Elementalist on Apr 3, 2019.
             Was the Champion of Cheibriados.
             Killed from afar by Aizul (35 damage)
             ... with a bolt of poison
             ... on level 1 of the Spider Nest.
             The game lasted 02:24:19 (10775 turns).

Redear the Thaumaturge (Gnoll Fire Elementalist)   Turns: 10775, Time: 02:24:20

Health: -5/106     AC: 19    Str: 27    XL:     14   Next: 27%
Magic:  2/28       EV: 28    Int: 37    God:    Cheibriados [******]
Gold:   799        SH:  9    Dex: 37    Spells: 2/33 levels left

rFire    + . .     SeeInvis .   b - +6 dagger of Teimedec {freeze, +Inv}
rCold    . . .     Gourm    .   y - +0 buckler
rNeg     + . .     Faith    .   x - +3 leather armour "Henuwk" {rF+ rN+ rCorr Str-2}
rPois    .         Spirit   .   X - +2 hat "Zaosun" {MR+ Dex+4}
rElec    .         Reflect  .   n - +2 cloak
rCorr    +         Harm     .   o - +0 pair of gloves
MR       ++...                  m - +0 pair of boots
Stlth    +++++.....             (no amulet)
HPRegen  0.27/turn              i - +3 ring of dexterity
MPRegen  0.21/turn              l - +3 ring of evasion

@: lethally poisoned (-5 -> -26), marked, very slightly contaminated, invisible,
very slow
A: distributed training, fangs 1, molten scales 1, yellow scales 1, strong 1,
strong nose
a: Bend Time, Temporal Distortion, Slouch, Step From Time, Renounce Religion


You were on level 1 of the Spider Nest.
You worshipped Cheibriados.
Cheibriados was exalted by your worship.
You were hungry.

You visited 4 branches of the dungeon, and saw 19 of its levels.
You also visited: Volcano.

You collected 1107 gold pieces.
You spent 308 gold pieces at shops.

Inventory:

Hand Weapons
 b - the +6 dagger of Teimedec (weapon) {freeze, +Inv}
   (You found it on level 1 of the Lair of Beasts)

   It has been specially enchanted to freeze those struck by it, causing extra
   injury to most foes and up to half again as much damage against particularly
   susceptible opponents.
   It can also slow down cold-blooded creatures.
   It lets you turn invisible.
 w - a +1 falchion of slicing
 K - a +2 long sword of electrocution
Missiles
 M - 3 throwing nets {=f}
 Q - 221 stones (quivered)
Armour
 m - a +0 pair of boots (worn)
 n - a +2 cloak (worn)
 o - a +0 pair of gloves (worn)
 x - the +3 leather armour "Henuwk" (worn) {rF+ rN+ rCorr Str-2}
   (You found it on level 4 of the Dungeon)

   It affects your strength (-2).
   It protects you from fire.
   It protects you from negative energy.
   It provides partial protection from all sources of acid and corrosion.
 y - a +0 buckler (worn)
 E - +0 fire dragon scales
 H - a +0 shield
 X - the +2 hat "Zaosun" (worn) {MR+ Dex+4}
   (You found it in a volcano)

   It affects your dexterity (+4).
   It affects your resistance to hostile enchantments.
Magical Staves
 a - an uncursed staff of fire {rF+}
 u - an uncursed staff of earth
Jewellery
 i - a +3 ring of dexterity (left hand)
 k - an uncursed ring of stealth {Stlth+}
 l - a +3 ring of evasion (right hand)
 C - an uncursed ring of resist corrosion
 N - an uncursed ring of positive energy {rN+}
Wands
 D - a wand of digging (9)
 G - a wand of polymorph (7)
Scrolls
 d - 5 scrolls of remove curse
 e - 3 scrolls of fear
 f - 2 scrolls of fog
 g - a scroll of noise {!r}
 h - 2 scrolls of enchant armour
 r - 5 scrolls of immolation {!r}
 s - 2 scrolls of amnesia
 t - a scroll of teleportation
 I - 3 scrolls of enchant weapon
 J - 4 scrolls of magic mapping {!r}
 P - 2 scrolls of holy word {!r}
 V - a scroll of blinking {unknown}
 Y - a scroll of silence {unknown}
Potions
 j - a potion of mutation {!q}
 p - 2 potions of invisibility
 v - 3 potions of lignification {!q}
 z - a potion of cancellation
 A - a potion of heal wounds
 B - 5 potions of curing
 F - a potion of might
 O - a potion of agility {unknown}
 T - 3 potions of brilliance
 U - a potion of berserk rage {unknown}
Miscellaneous
 R - a fan of gales
Comestibles
 c - 21 rations


   Skills:
 + Level 8.9 Fighting
 + Level 8.9 Short Blades
 + Level 8.9 Long Blades
 + Level 8.9 Axes
 + Level 8.9 Maces & Flails
 + Level 8.9 Polearms
 + Level 8.9 Staves
 + Level 8.9 Slings
 + Level 8.9 Bows
 + Level 8.9 Crossbows
 + Level 8.9 Throwing
 + Level 8.9 Armour
 + Level 10.0 Dodging
 + Level 9.9 Stealth
 + Level 8.9 Shields
 + Level 8.9 Unarmed Combat
 + Level 10.2 Spellcasting
 + Level 7.8 Conjurations
 + Level 7.4 Hexes
 + Level 7.4 Charms
 + Level 7.4 Summonings
 + Level 7.4 Necromancy
 + Level 7.4 Translocations
 + Level 7.4 Transmutations
 + Level 9.3 Fire Magic
 + Level 7.4 Ice Magic
 + Level 7.4 Air Magic
 + Level 7.4 Earth Magic
 + Level 7.4 Poison Magic
 + Level 9.7 Invocations
 + Level 8.9 Evocations


You had 2 spell levels left.
You knew the following spells:

 Your Spells              Type           Power        Failure   Level  Hunger
a - Flame Tongue          Conj/Fire      #####        1%          1    None
b - Summon Lightning Spi  Summ/Air       ######..     1%          4    None
c - Conjure Flame         Conj/Fire      ######..     1%          3    None
d - Summon Ice Beast      Ice/Summ       ######..     1%          4    None
e - Blink                 Tloc           N/A          1%          2    None
f - Fireball              Conj/Fire      ######....   1%          5    ##.....
g - Apportation           Tloc           ######       1%          1    None
r - Regeneration          Chrm/Necr      ######....   1%          3    None
s - Sticky Flame          Conj/Fire      ######..     1%          4    None
x - Mephitic Cloud        Conj/Pois/Air  ######..     1%          3    None
z - Animate Skeleton      Necr           N/A          1%          1    None

Your spell library contained the following spells:

 Spells                   Type           Power        Failure   Level  Hunger
 Confusing Touch          Hex            ######       1%          1    None
 Corona                   Hex            ######.      1%          1    None
 Pain                     Necr           ####         1%          1    None
 Summon Small Mammal      Summ           ####         1%          1    None
 Call Imp                 Summ           ######..     1%          2    None
 Ensorcelled Hibernation  Hex/Ice        ######       1%          2    None
 Poisonous Vapours        Pois/Air       ######       1%          2    None
 Shroud of Golubria       Chrm/Tloc      ######....   1%          2    None
 Throw Flame              Conj/Fire      ######       1%          2    None
 Call Canine Familiar     Summ           ######..     1%          3    None
 Confuse                  Hex            ######..     1%          3    None
 Dazzling Spray           Conj/Hex       ######       1%          3    None
 Gell's Gravitas          Tloc           ######....   1%          3    None
 Inner Flame              Hex/Fire       ######..     1%          3    None
 Lesser Beckoning         Tloc           ######....   1%          3    None
 Summon Guardian Golem    Hex/Summ       ######..     1%          3    None
 Teleport Other           Tloc           ######..     1%          3    None
 Tukima's Dance           Hex            ######..     1%          3    None
 Vampiric Draining        Necr           ######....   1%          3    None
 Animate Dead             Necr           N/A          1%          4    None
 Passage of Golubria      Tloc           N/A          1%          4    None
 Freezing Cloud           Conj/Ice/Air   ######....   16%         6    ####...
 Ring of Flames           Chrm/Fire      ######....   54%         7    ######.


Dungeon Overview and Level Annotations

Branches:
Dungeon (11/15)            Temple (1/1) D:4            Lair (6/6) D:11
 Spider (1/4) Lair:4        Slime (0/5) Lair:5
  Swamp: Lair:2-4    Shoals: Lair:2-4       Orc: D:9-12

Altars:
Ashenzari
Cheibriados
Dithmenos
Elyvilon
Fedhas
Gozag
Hepliaklqana
Kikubaaqudgha
Makhleb
Nemelex Xobeh
Okawaru
Qazlal
Ru
Sif Muna
Trog
Uskayaw
Vehumet
Wu Jian
Xom
Yredelemnul
Zin
The Shining One

Shops:
D:7 :   D:10 *%[

Annotations:
D:4 exclusion: Blork the orc, Blork the orc
D:9 Erolcha, Gastronok
Lair:2 3 runed translucent doors, Pokahut's ghost, journeyman DsFi
Spider:1 Aizul


Innate Abilities, Weirdness & Mutations

Your experience applies equally to all skills.
You have very sharp teeth.
Your uncanny sense of smell can sniff out nearby items.
You are partially covered in molten scales. (AC +2)
You are partially covered in yellow scales. (AC +2)
Your muscles are strong. (Str +2)


Message History

You feel very sick.
Your lightning spire disappears in a puff of smoke!
Aizul burns! x2; Aizul stops burning.
Aizul hits your wolf spider!
A redback comes into view.
The redback is engulfed in noxious fumes.
The redback appears confused.
The redback closely misses Aizul.
Aizul yawns, and then pretends she didn't.
Aizul closely misses your wolf spider. The wolf spider hits your wolf spider!!
Your wolf spider dies!
Your wolf spider's corpse dissolves into shadows!
The redback is engulfed in noxious fumes.
The redback appears confused.
The redback is engulfed in noxious fumes.
The redback appears confused.
The redback closely misses the wolf spider.
The redback barely misses itself.
Aizul casts a spell at you. The bolt of poison hits you!!
You are more poisoned.
You die...

. .^ ..# #. ..
..## #.^
##..#.##...# ...
#...#.#...###..##
.###...#..##.#...
.......^...#...##
....##..###.!..#
#####ss##§...##
#^..##sS.@s...#
##
##...§ss§###....#
#.. #..†.°○#s..#
....#
#..###...##..##
#...
.##.....#..#...#
.^ ∆
........#.)##..#
.∆
....#.#.#...#..#
##. ######.†####
#
#.^...###########


You could see Aizul, a wolf spider, 4 redbacks, a friendly wolf spider and a
friendly orb spider.

Levels and vault maps discovered:
D:1:      dpeg_arrival_boxes_within_box, layout_basic, serial_forest,
          infiniplex_forest_clump_medium, infiniplex_forest_lined_room_2,
          infiniplex_forest_clump_curved, infiniplex_forest_clump_tiny,
          infiniplex_forest_3_way, infiniplex_forest_clump_medium,
          nrook_loot_triangle
D:2:      layout_rooms, chequers_serial_rivers_marsh
D:3:      layout_loops_cross
D:4:      layout_loops_ring, minmay_temple_entry_mist, first_ration,
          uniq_crazy_yiuf_cottage, uniq_pikel, uniq_blork_the_orc
D:5:      layout_basic, xom_redecorated
D:6:      lemuel_upstairs_altar, layout_loops_ring, grunt_temple_overflow_open
D:7:      layout_basic, serial_shops, shop, basic_altar,
          nicolae_ru_great_annihilating_truth
D:8:      layout_basic, hangedman_little_slice_of_home, minmay_checkerbox,
          uniq_prince_ribbit1
D:9:      layout_roguey, serial_bayou_pond_a, uniq_erolcha, uniq_gastronok
D:10:     layout_irregular_city, serial_column_ruins, column_ruins_open_tiny,
          column_ruins_columns_T, column_ruins_open_medium,
          column_ruins_columns_dead_end, serial_shops, shop, nicolae_shop_stone,
          shop, minivault_24
D:11:     layout_loops_cross, dpeg_oklobed_lair, zombieorc2_lemuel,
          serial_shops, nicolae_shop_window_shopping
Temple:   nicolae_temple_no_exploring_needed
Lair:1:   layout_roguey
Lair:2:   dpeg_oklob_gauntlet, layout_chaotic_city, gammafunk_ghost_necromancy,
          lemuel_oklob_altar
Lair:3:   layout_small_grid, elwin_shoals_entry_rooms, grunt_megastairs_4,
          uniq_rupert
Lair:4:   layout_hall_layers, spider_nest_entry_a, serial_bayou,
          serial_bayou_pond_e, serial_bayou_pond_a, serial_bayou_lagoon_b,
          serial_bayou_pond_b
Lair:5:   layout_cave_pods, minmay_slime_entry_pillars,
          infiniplex_staircase_pool, grunt_megastairs_5, uniq_kirke
Lair:6:   gammafunk_lair_ancient_temple, layout_regular_city, enter_volcano_3,
          lemuel_fruit_fields
Spider:1: layout_spider_delve, uniq_donald, uniq_aizul
Volcano:  volcano_pools

Notes
Turn   | Place    | Note
-------+----------+-------------------------------------------
     0 | D:1      | Redear the Gnoll Fire Elementalist began the quest for the
                  | Orb.
     0 | D:1      | Reached XP level 1. HP: 13/13 MP: 6/6
   110 | D:1      | Identified a +0 dagger
   139 | D:1      | Reached skill level 2 in Conjurations
   181 | D:1      | Identified a +0 whip
   182 | D:1      | Identified a cursed -2 club
   186 | D:1      | Reached XP level 2. HP: 19/19 MP: 4/7
   221 | D:1      | Identified a +0 club
   251 | D:1      | Identified a +0 dagger
   266 | D:1      | Identified a +0 club
   387 | D:1      | Identified a +0 club
   392 | D:1      | Reached XP level 3. HP: 25/25 MP: 3/9
   422 | D:1      | Reached skill level 5 in Spellcasting
   485 | D:2      | Identified a +0 quarterstaff
   497 | D:2      | Learned a level 3 spell: Conjure Flame
   548 | D:2      | Identified a +0 club
   557 | D:2      | Reached skill level 1 in Invocations
   602 | D:2      | Reached skill level 1 in Fighting
   602 | D:2      | Reached skill level 1 in Short Blades
   602 | D:2      | Reached skill level 1 in Long Blades
   602 | D:2      | Reached skill level 1 in Axes
   602 | D:2      | Reached skill level 1 in Maces & Flails
   602 | D:2      | Reached skill level 1 in Polearms
   602 | D:2      | Reached skill level 1 in Staves
   602 | D:2      | Reached skill level 1 in Slings
   602 | D:2      | Reached skill level 1 in Bows
   602 | D:2      | Reached skill level 1 in Crossbows
   602 | D:2      | Reached skill level 1 in Throwing
   602 | D:2      | Reached skill level 1 in Armour
   602 | D:2      | Reached skill level 1 in Shields
   602 | D:2      | Reached skill level 1 in Unarmed Combat
   602 | D:2      | Reached skill level 1 in Evocations
   661 | D:3      | Identified a +0 club
   675 | D:3      | Identified a +0 club
   683 | D:3      | Reached XP level 4. HP: 29/32 MP: 2/11
  1114 | D:4      | Found a staircase to the Ecumenical Temple.
  1130 | Temple   | Entered the Ecumenical Temple
  1140 | Temple   | Became a worshipper of Cheibriados the Contemplative
  1170 | D:4      | Identified a +0 giant club
  1170 | D:4      | Noticed an ogre
  1177 | D:4      | Learned a level 4 spell: Sticky Flame
  1185 | D:4      | Killed an ogre
  1185 | D:4      | Reached skill level 1 in Hexes
  1185 | D:4      | Reached skill level 1 in Charms
  1185 | D:4      | Reached skill level 1 in Summonings
  1185 | D:4      | Reached skill level 1 in Necromancy
  1185 | D:4      | Reached skill level 1 in Translocations
  1185 | D:4      | Reached skill level 1 in Transmutations
  1185 | D:4      | Reached skill level 1 in Ice Magic
  1185 | D:4      | Reached skill level 1 in Air Magic
  1185 | D:4      | Reached skill level 1 in Earth Magic
  1185 | D:4      | Reached skill level 1 in Poison Magic
  1185 | D:4      | Reached XP level 5. HP: 37/37 MP: 3/12
  1204 | D:4      | Identified a +2 dagger of venom
  1204 | D:4      | Identified a +0 dagger
  1204 | D:4      | Identified a +0 robe
  1204 | D:4      | Identified a +1 dagger of draining
  1204 | D:4      | Identified a +0 ring mail
  1204 | D:4      | Identified a +0 dagger
  1204 | D:4      | Identified a +0 robe
  1204 | D:4      | Identified a +0 mace
  1204 | D:4      | Identified a +0 leather armour
  1221 | D:4      | Identified 5 scrolls of identify
  1221 | D:4      | Identified 4 scrolls of fear
  1222 | D:4      | Identified 2 scrolls of teleportation
  1224 | D:4      | Identified 3 potions of mutation
  1224 | D:4      | Gained mutation: Armour fits poorly on your strangely
                  | shaped body. [potion of mutation]
  1224 | D:4      | Gained mutation: You are partially covered in molten
                  | scales. (AC +2) [potion of mutation]
  1225 | D:4      | Identified a potion of lignification
  1229 | D:4      | HP: 3/55 [orc priest/divine providence (13)]
  1230 | D:4      | Identified a potion of flight
  1231 | D:4      | Identified a potion of heal wounds
  1235 | D:4      | HP: 8/55 [poisoned by an orc]
  1237 | D:4      | Identified a potion of curing
  1238 | D:4      | Reached skill level 2 in Invocations
  1238 | D:4      | Reached XP level 6. HP: 20/44 MP: 2/13
  1296 | D:4      | HP: 8/44 [worker ant (4)]
  1301 | D:4      | HP: 5/44 [poisoned by a worker ant]
  1303 | D:4      | Lost mutation: Armour fits poorly on your strangely shaped
                  | body. [potion of mutation]
  1303 | D:4      | Gained mutation: You are partially covered in yellow
                  | scales. (AC +2) [potion of mutation]
  1303 | D:4      | Gained mutation: Your muscles are strong. (Str +2) [potion
                  | of mutation]
  1306 | D:4      | HP: 3/44 [poisoned by a worker ant]
  1312 | D:4      | HP: 2/44 [poisoned by a worker ant]
  1318 | D:4      | HP: 1/44 [poisoned by a worker ant]
  1358 | D:4      | Noticed a phantom
  1370 | D:4      | Killed a phantom
  1370 | D:4      | Reached skill level 2 in Fighting
  1370 | D:4      | Reached skill level 2 in Short Blades
  1370 | D:4      | Reached skill level 2 in Long Blades
  1370 | D:4      | Reached skill level 2 in Axes
  1370 | D:4      | Reached skill level 2 in Maces & Flails
  1370 | D:4      | Reached skill level 2 in Polearms
  1370 | D:4      | Reached skill level 2 in Staves
  1370 | D:4      | Reached skill level 2 in Slings
  1370 | D:4      | Reached skill level 2 in Bows
  1370 | D:4      | Reached skill level 2 in Crossbows
  1370 | D:4      | Reached skill level 2 in Throwing
  1370 | D:4      | Reached skill level 2 in Armour
  1370 | D:4      | Reached skill level 5 in Dodging
  1370 | D:4      | Reached skill level 2 in Shields
  1370 | D:4      | Reached skill level 2 in Unarmed Combat
  1370 | D:4      | Reached skill level 2 in Evocations
  1454 | D:4      | Reached XP level 7. HP: 27/50 MP: 0/15
  1488 | D:4      | Reached * piety under Cheibriados
  1572 | D:4      | Identified a cursed -3 dire flail
  1572 | D:4      | Identified a cursed +0 robe
  1572 | D:4      | Noticed Blork the orc
  1594 | D:4      | Got a scorched leather armour
  1607 | D:4      | Identified the +3 leather armour "Henuwk" {rF+ rN+ rCorr
                  | Str-2} (You found it on level 4 of the Dungeon)
  1616 | D:4      | Identified a +0 pair of boots (You found it on level 4 of
                  | the Dungeon)
  1679 | D:5      | Entered Level 5 of the Dungeon
  1729 | D:5      | Reached skill level 2 in Hexes
  1729 | D:5      | Reached skill level 2 in Charms
  1729 | D:5      | Reached skill level 2 in Summonings
  1729 | D:5      | Reached skill level 2 in Necromancy
  1729 | D:5      | Reached skill level 2 in Translocations
  1729 | D:5      | Reached skill level 2 in Transmutations
  1729 | D:5      | Reached skill level 2 in Ice Magic
  1729 | D:5      | Reached skill level 2 in Air Magic
  1729 | D:5      | Reached skill level 2 in Earth Magic
  1729 | D:5      | Reached skill level 2 in Poison Magic
  1793 | D:6      | Identified a +0 giant club
  1820 | D:5      | Reached skill level 3 in Conjurations
  1932 | D:5      | Reached skill level 5 in Stealth
  2041 | D:4      | Reached skill level 3 in Invocations
  2091 | D:5      | Reached XP level 8. HP: 56/57 MP: 4/16
  2110 | D:5      | Identified a +0 shortbow
  2117 | D:5      | Reached skill level 6 in Fire Magic
  2147 | D:5      | Found a shimmering altar of Xom.
  2153 | D:5      | Found a shimmering altar of Xom.
  2217 | D:5      | Reached skill level 3 in Fighting
  2217 | D:5      | Reached skill level 3 in Short Blades
  2217 | D:5      | Reached skill level 3 in Long Blades
  2217 | D:5      | Reached skill level 3 in Axes
  2217 | D:5      | Reached skill level 3 in Maces & Flails
  2217 | D:5      | Reached skill level 3 in Polearms
  2217 | D:5      | Reached skill level 3 in Staves
  2217 | D:5      | Reached skill level 3 in Slings
  2217 | D:5      | Reached skill level 3 in Bows
  2217 | D:5      | Reached skill level 3 in Crossbows
  2217 | D:5      | Reached skill level 3 in Throwing
  2217 | D:5      | Reached skill level 3 in Armour
  2217 | D:5      | Reached skill level 3 in Shields
  2217 | D:5      | Reached skill level 3 in Unarmed Combat
  2217 | D:5      | Reached skill level 3 in Evocations
  2224 | D:5      | Learned a level 5 spell: Fireball
  2374 | D:6      | Identified a +0 shortbow
  2453 | D:6      | Reached skill level 6 in Spellcasting
  2507 | D:6      | Identified a +0 quarterstaff
  2568 | D:6      | Found an ancient bone altar of Kikubaaqudgha.
  2570 | D:6      | Found an ornate altar of the Wu Jian Council.
  2579 | D:6      | Found a blossoming altar of Fedhas.
  2585 | D:6      | Found a stormy altar of Qazlal.
  2621 | D:6      | Reached ** piety under Cheibriados
  2732 | D:7      | Found Waer's Book Shoppe.
  2733 | D:7      | Identified a +0 club
  2733 | D:7      | Identified a +0 leather armour
  2734 | D:7      | Identified a +0 hand axe
  2734 | D:7      | Identified a +0 leather armour
  2735 | D:7      | Identified a +0 dagger
  2735 | D:7      | Identified a +0 robe
  2765 | D:7      | Noticed a hippogriff
  2765 | D:7      | Identified a +0 short sword
  2765 | D:7      | Identified a +0 leather armour
  2765 | D:7      | Identified a +0 rapier
  2766 | D:7      | Identified a +0 dagger
  2766 | D:7      | Identified a cursed +0 robe
  2835 | D:7      | Identified a +0 hand axe
  2835 | D:7      | Identified a +0 leather armour
  2899 | D:8      | Noticed Prince Ribbit
  2956 | D:7      | Found a sacrificial altar of Ru.
  2963 | D:7      | Identified a +0 dagger
  2963 | D:7      | Identified a +0 robe
  2971 | D:7      | Reached skill level 4 in Invocations
  2989 | D:7      | Reached skill level 3 in Hexes
  2989 | D:7      | Reached skill level 3 in Charms
  2989 | D:7      | Reached skill level 3 in Summonings
  2989 | D:7      | Reached skill level 3 in Necromancy
  2989 | D:7      | Reached skill level 3 in Translocations
  2989 | D:7      | Reached skill level 3 in Transmutations
  2989 | D:7      | Reached skill level 3 in Ice Magic
  2989 | D:7      | Reached skill level 3 in Air Magic
  2989 | D:7      | Reached skill level 3 in Earth Magic
  2989 | D:7      | Reached skill level 3 in Poison Magic
  3031 | D:7      | Reached XP level 9. HP: 65/65 MP: 11/18
  3033 | D:7      | Found a burning altar of Makhleb.
  3045 | D:7      | Reached skill level 6 in Dodging
  3195 | D:7      | Identified a +0 dagger
  3195 | D:7      | Identified a +0 robe
  3195 | D:7      | Identified a +0 hand axe
  3195 | D:7      | Identified a +0 leather armour
  3196 | D:7      | Identified a +0 whip
  3206 | D:7      | Identified a +0 great sword
  3213 | D:7      | Reached *** piety under Cheibriados
  3242 | D:6      | Found a sparkling altar of Nemelex Xobeh.
  3349 | D:8      | Reached skill level 4 in Fighting
  3349 | D:8      | Reached skill level 4 in Short Blades
  3349 | D:8      | Reached skill level 4 in Long Blades
  3349 | D:8      | Reached skill level 4 in Axes
  3349 | D:8      | Reached skill level 4 in Maces & Flails
  3349 | D:8      | Reached skill level 4 in Polearms
  3349 | D:8      | Reached skill level 4 in Staves
  3349 | D:8      | Reached skill level 4 in Slings
  3349 | D:8      | Reached skill level 4 in Bows
  3349 | D:8      | Reached skill level 4 in Crossbows
  3349 | D:8      | Reached skill level 4 in Throwing
  3349 | D:8      | Reached skill level 4 in Armour
  3349 | D:8      | Reached skill level 4 in Shields
  3349 | D:8      | Reached skill level 4 in Unarmed Combat
  3349 | D:8      | Reached skill level 4 in Conjurations
  3349 | D:8      | Reached skill level 4 in Evocations
  3441 | D:8      | Identified a +0 giant club
  3488 | D:8      | Identified a +0 dagger
  3490 | D:8      | Identified a +0 flail
  3493 | D:8      | Identified a +0 mace
  3498 | D:8      | Reached skill level 6 in Stealth
  3560 | D:8      | Identified a +0 scimitar
  3560 | D:8      | Identified a +0 plate armour
  3572 | D:8      | Identified a +0 club
  3573 | D:8      | Identified a +0 dagger
  3666 | D:8      | Identified a +0 giant club
  3677 | D:8      | Killed Prince Ribbit
  3677 | D:8      | Reached **** piety under Cheibriados
  3677 | D:8      | Reached skill level 5 in Invocations
  3698 | D:8      | Identified a +1 falchion of slicing (You found it on level
                  | 4 of the Dungeon)
  3723 | D:8      | Learned a level 4 spell: Summon Lightning Spire
  3723 | D:8      | Identified a +2 shortbow of freezing
  3815 | D:8      | Learned a level 1 spell: Animate Skeleton
  3819 | D:8      | Learned a level 3 spell: Regeneration
  3842 | D:9      | Identified a +0 hat
  3842 | D:9      | Noticed Gastronok
  3843 | D:9      | Reached XP level 10. HP: 73/73 MP: 13/20
  3857 | D:8      | Reached skill level 7 in Spellcasting
  3899 | D:9      | Identified a cursed +0 war axe
  3899 | D:9      | Identified a +0 robe
  3916 | D:9      | Identified a +0 great sword
  3916 | D:9      | Identified a +0 robe
  3917 | D:9      | Identified a cursed +3 great sword
  3917 | D:9      | Identified a +0 robe
  3917 | D:9      | Identified a +1 mace of draining
  3917 | D:9      | Identified a +0 robe
  3948 | D:9      | Identified a +0 dagger
  3948 | D:9      | Identified a +0 robe
  3948 | D:9      | Identified a +0 dagger
  3948 | D:9      | Identified a +0 hand axe
  3953 | D:9      | Reached skill level 4 in Hexes
  3953 | D:9      | Reached skill level 4 in Charms
  3953 | D:9      | Reached skill level 4 in Summonings
  3953 | D:9      | Reached skill level 4 in Necromancy
  3953 | D:9      | Reached skill level 4 in Translocations
  3953 | D:9      | Reached skill level 4 in Transmutations
  3953 | D:9      | Reached skill level 4 in Ice Magic
  3953 | D:9      | Reached skill level 4 in Air Magic
  3953 | D:9      | Reached skill level 4 in Earth Magic
  3953 | D:9      | Reached skill level 4 in Poison Magic
  3978 | D:9      | Identified a +0 shortbow
  3988 | D:9      | Identified a +0 mace
  3991 | D:9      | Identified a +0 whip
  3991 | D:9      | Identified a +0 flail
  4210 | D:9      | Identified a +0 trident
  4210 | D:9      | Identified a +0 robe
  4235 | D:10     | Entered Level 10 of the Dungeon
  4235 | D:10     | Found Jimidghu's Food Boutique.
  4260 | D:10     | Identified a cursed -3 dagger
  4260 | D:10     | Identified a +0 robe
  4261 | D:10     | Identified a +0 scimitar
  4261 | D:10     | Identified a +0 chain mail
  4261 | D:10     | Identified a +0 ring mail
  4264 | D:10     | Identified a +0 ring mail
  4298 | D:10     | Identified a ring of teleportation (You found it on level 7
                  | of the Dungeon)
  4299 | D:10     | Identified a ring of evasion (You found it on level 2 of
                  | the Dungeon)
  4300 | D:10     | Identified 4 scrolls of remove curse
  4300 | D:10     | Identified a +0 club
  4309 | D:10     | Reached skill level 5 in Fighting
  4309 | D:10     | Reached skill level 5 in Short Blades
  4309 | D:10     | Reached skill level 5 in Long Blades
  4309 | D:10     | Reached skill level 5 in Axes
  4309 | D:10     | Reached skill level 5 in Maces & Flails
  4309 | D:10     | Reached skill level 5 in Polearms
  4309 | D:10     | Reached skill level 5 in Staves
  4309 | D:10     | Reached skill level 5 in Slings
  4309 | D:10     | Reached skill level 5 in Bows
  4309 | D:10     | Reached skill level 5 in Crossbows
  4309 | D:10     | Reached skill level 5 in Throwing
  4309 | D:10     | Reached skill level 5 in Armour
  4309 | D:10     | Reached skill level 5 in Shields
  4309 | D:10     | Reached skill level 5 in Unarmed Combat
  4309 | D:10     | Reached skill level 5 in Evocations
  4310 | D:10     | Identified a +0 dagger
  4310 | D:10     | Identified a +0 robe
  4314 | D:9      | Identified a +0 hand axe
  4314 | D:9      | Identified a +0 ring mail
  4392 | D:9      | Reached skill level 7 in Fire Magic
  4437 | D:9      | Identified a +6 giant club
  4437 | D:9      | Identified a +0 robe
  4437 | D:9      | Noticed Erolcha
  4438 | D:9      | Identified a +0 shortbow
  4463 | D:8      | Identified 3 scrolls of magic mapping
  4464 | D:8      | Identified 2 scrolls of immolation
  4465 | D:8      | Identified 2 scrolls of fog
  4466 | D:8      | Identified 2 scrolls of random uselessness
  4467 | D:8      | Identified a scroll of enchant armour
  4468 | D:8      | Identified a scroll of noise
  4469 | D:8      | Identified a potion of degeneration
  4470 | D:8      | Identified a potion of might
  4486 | D:8      | Identified a ring of resist corrosion (You found it on
                  | level 8 of the Dungeon)
  4488 | D:8      | Identified a ring of stealth (You found it on level 2 of
                  | the Dungeon)
  4562 | D:10     | Identified a +1 short sword of flaming
  4569 | D:10     | Reached ***** piety under Cheibriados
  4576 | D:10     | Reached skill level 7 in Dodging
  4666 | D:10     | Identified a +0 giant club
  4666 | D:10     | Identified a +0 giant club
  4666 | D:10     | Noticed a two-headed ogre
  4673 | D:10     | Killed a two-headed ogre
  4715 | D:10     | Found Haprehil's Assorted Antiques.
  4724 | D:10     | Bought a scroll of identify for 70 gold pieces
  4724 | D:10     | Bought a scroll of identify for 70 gold pieces
  4724 | D:10     | Bought a scroll labeled VABUOL NINAO for 35 gold pieces
  4724 | D:10     | Bought a scroll of identify for 70 gold pieces
  4805 | D:10     | Noticed a purple ugly thing
  4808 | D:10     | Identified a +0 shortbow
  4810 | D:10     | Killed a purple ugly thing
  4810 | D:10     | Reached skill level 5 in Conjurations
  4813 | D:10     | Reached skill level 6 in Invocations
  4819 | D:10     | Identified a +0 ring mail
  4822 | D:10     | Identified a +0 mace
  4822 | D:10     | Identified a +0 leather armour
  4823 | D:10     | Identified a +0 dagger
  4823 | D:10     | Identified a +0 robe
  4824 | D:10     | Identified a +0 short sword
  4846 | D:10     | Identified a +0 flail
  4855 | D:10     | Reached skill level 7 in Stealth
  5067 | D:10     | Identified a +0 hand axe
  5067 | D:10     | Identified a +0 leather armour
  5067 | D:10     | Identified a +0 club
  5071 | D:10     | Identified a +0 robe
  5072 | D:10     | Identified a +0 dagger
  5072 | D:10     | Identified a +0 robe
  5072 | D:10     | Identified a +0 buckler
  5076 | D:10     | Identified a +0 rapier
  5076 | D:10     | Identified a +0 robe
  5107 | D:10     | Identified a +1 dagger of venom
  5107 | D:10     | Identified a +0 robe
  5109 | D:10     | Identified a +0 whip
  5109 | D:10     | Identified a +0 leather armour
  5110 | D:10     | Identified a +0 hand axe
  5110 | D:10     | Identified a +0 ring mail
  5111 | D:10     | Identified a +0 short sword
  5180 | D:10     | Found Sifajad's Armour Emporium.
  5194 | D:10     | Bought a +0 buckler for 63 gold pieces
  5368 | D:11     | Noticed an oklob plant
  5389 | D:11     | Identified a +5 scimitar
  5389 | D:11     | Identified a +0 robe
  5393 | D:11     | Reached XP level 11. HP: 75/81 MP: 16/22
  5393 | D:11     | Identified a +2 dire flail
  5393 | D:11     | Identified a +0 robe
  5394 | D:11     | Noticed a manticore
  5395 | D:11     | Identified a +2 long sword of electrocution
  5395 | D:11     | Identified a +0 robe
  5400 | D:11     | Identified a +0 flail
  5400 | D:11     | Identified a +0 robe
  5401 | D:11     | Killed a manticore
  5405 | D:11     | Identified a cursed +2 spear
  5405 | D:11     | Identified a +0 robe
  5407 | D:11     | Identified a +0 scimitar
  5407 | D:11     | Identified a +0 robe
  5459 | D:11     | Identified a +6 short sword
  5459 | D:11     | Identified a +0 robe
  5476 | D:11     | Noticed an oklob plant
  5511 | D:11     | Identified a cursed -2 giant club
  5561 | D:11     | Found a staircase to the Lair.
  5562 | D:11     | Identified a +0 club
  5575 | D:11     | Reached ****** piety under Cheibriados
  5584 | D:11     | Identified a +0 shortbow
  5619 | D:11     | Killed an oklob plant
  5635 | D:11     | Killed an oklob plant
  5643 | Lair:1   | Entered Level 1 of the Lair of Beasts
  5669 | Lair:1   | Reached skill level 6 in Fighting
  5669 | Lair:1   | Reached skill level 6 in Short Blades
  5669 | Lair:1   | Reached skill level 6 in Long Blades
  5669 | Lair:1   | Reached skill level 6 in Axes
  5669 | Lair:1   | Reached skill level 6 in Maces & Flails
  5669 | Lair:1   | Reached skill level 6 in Polearms
  5669 | Lair:1   | Reached skill level 6 in Staves
  5669 | Lair:1   | Reached skill level 6 in Slings
  5669 | Lair:1   | Reached skill level 6 in Bows
  5669 | Lair:1   | Reached skill level 6 in Crossbows
  5669 | Lair:1   | Reached skill level 6 in Throwing
  5669 | Lair:1   | Reached skill level 6 in Armour
  5669 | Lair:1   | Reached skill level 6 in Shields
  5669 | Lair:1   | Reached skill level 6 in Unarmed Combat
  5669 | Lair:1   | Reached skill level 6 in Evocations
  5707 | Lair:1   | Learned a level 4 spell: Summon Ice Beast
  5720 | Lair:1   | Got a brightly glowing dagger
  5722 | Lair:1   | Identified the +6 dagger of Teimedec {freeze, +Inv} (You
                  | found it on level 1 of the Lair of Beasts)
  5863 | Lair:1   | Reached skill level 5 in Hexes
  5863 | Lair:1   | Reached skill level 5 in Charms
  5863 | Lair:1   | Reached skill level 5 in Summonings
  5863 | Lair:1   | Reached skill level 5 in Necromancy
  5863 | Lair:1   | Reached skill level 5 in Translocations
  5863 | Lair:1   | Reached skill level 5 in Transmutations
  5863 | Lair:1   | Reached skill level 5 in Ice Magic
  5863 | Lair:1   | Reached skill level 5 in Air Magic
  5863 | Lair:1   | Reached skill level 5 in Earth Magic
  5863 | Lair:1   | Reached skill level 5 in Poison Magic
  6197 | Lair:2   | Reached skill level 8 in Spellcasting
  6239 | Lair:2   | Found an ornate altar of the Wu Jian Council.
  6239 | Lair:2   | Noticed an oklob plant
  6246 | Lair:2   | Killed an oklob plant
  6402 | Lair:2   | Noticed an oklob plant
  6454 | Lair:2   | Killed an oklob plant
  6454 | Lair:2   | Reached skill level 7 in Invocations
  6479 | Lair:3   | Identified a +0 pair of gloves (You found it on level 10 of
                  | the Dungeon)
  6527 | Lair:3   | Reached skill level 8 in Dodging
  6531 | Lair:3   | Identified a +2 vampiric battleaxe
  6531 | Lair:3   | Identified a +0 ring mail
  6531 | Lair:3   | Noticed Rupert
  6837 | Lair:4   | Identified a scroll of enchant weapon
  6838 | Lair:4   | Identified 2 potions of invisibility
  6868 | Lair:4   | Found a hole to the Spider Nest.
  6877 | Lair:4   | Reached skill level 6 in Conjurations
  6890 | Lair:4   | Reached skill level 8 in Stealth
  6904 | Lair:4   | Reached XP level 12. HP: 89/89 MP: 14/24
  7030 | Lair:4   | Noticed a death yak
  7032 | Lair:4   | Noticed a death yak
  7052 | Lair:4   | Noticed a death yak
  7054 | Lair:4   | Noticed a death yak
  7059 | Lair:4   | Noticed a death yak
  7059 | Lair:4   | Noticed a death yak
  7239 | Lair:4   | Identified a +2 cloak (You found it on level 4 of the Lair
                  | of Beasts)
  7327 | Lair:5   | Reached skill level 8 in Fire Magic
  7373 | Lair:5   | Reached skill level 7 in Fighting
  7373 | Lair:5   | Reached skill level 7 in Short Blades
  7373 | Lair:5   | Reached skill level 7 in Long Blades
  7373 | Lair:5   | Reached skill level 7 in Axes
  7373 | Lair:5   | Reached skill level 7 in Maces & Flails
  7373 | Lair:5   | Reached skill level 7 in Polearms
  7373 | Lair:5   | Reached skill level 7 in Staves
  7373 | Lair:5   | Reached skill level 7 in Slings
  7373 | Lair:5   | Reached skill level 7 in Bows
  7373 | Lair:5   | Reached skill level 7 in Crossbows
  7373 | Lair:5   | Reached skill level 7 in Throwing
  7373 | Lair:5   | Reached skill level 7 in Armour
  7373 | Lair:5   | Reached skill level 7 in Shields
  7373 | Lair:5   | Reached skill level 7 in Unarmed Combat
  7373 | Lair:5   | Reached skill level 7 in Evocations
  7389 | Lair:5   | Found a staircase to the Slime Pits.
  7577 | Lair:5   | Learned a level 2 spell: Blink
  7745 | Lair:5   | Noticed Kirke
  7748 | Lair:5   | Identified a ring of protection (You found it on level 2 of
                  | the Lair of Beasts)
  7750 | Lair:5   | Identified a ring of strength (You found it on level 3 of
                  | the Lair of Beasts)
  7775 | Lair:5   | Noticed a seven-headed hydra
  7783 | Lair:5   | Killed a seven-headed hydra
  7866 | Lair:5   | Learned a level 1 spell: Apportation
  8054 | Lair:5   | Killed Kirke
  8054 | Lair:5   | Reached skill level 6 in Hexes
  8054 | Lair:5   | Reached skill level 6 in Charms
  8054 | Lair:5   | Reached skill level 6 in Summonings
  8054 | Lair:5   | Reached skill level 6 in Necromancy
  8054 | Lair:5   | Reached skill level 6 in Translocations
  8054 | Lair:5   | Reached skill level 6 in Transmutations
  8054 | Lair:5   | Reached skill level 6 in Ice Magic
  8054 | Lair:5   | Reached skill level 6 in Air Magic
  8054 | Lair:5   | Reached skill level 6 in Earth Magic
  8054 | Lair:5   | Reached skill level 6 in Poison Magic
  8054 | Lair:5   | Reached skill level 8 in Invocations
  8119 | Lair:6   | Entered Level 6 of the Lair of Beasts
  8145 | Lair:6   | Reached skill level 9 in Spellcasting
  8178 | Lair:6   | Noticed a dire elephant
  8225 | Lair:6   | Found a dark tunnel.
  8232 | Volcano  | Entered a volcano
  8300 | Volcano  | Noticed a fire dragon
  8324 | Volcano  | Killed a fire dragon
  8324 | Volcano  | Identified +0 fire dragon scales
  8338 | Volcano  | Got a dazzling hat
  8356 | Volcano  | Identified the +2 hat "Zaosun" {MR+ Dex+4} (You found it in
                  | a volcano)
  8380 | Volcano  | Reached skill level 9 in Dodging
  8439 | Volcano  | Identified +0 steam dragon scales
  8517 | Lair:6   | Reached XP level 13. HP: 77/98 MP: 20/26
  8550 | Lair:6   | Identified 2 scrolls of holy word
  8588 | Lair:6   | Killed a dire elephant
  8690 | Lair:6   | Reached skill level 9 in Stealth
  8809 | Lair:6   | Reached skill level 7 in Conjurations
  8826 | Lair:6   | Reached skill level 8 in Fighting
  8826 | Lair:6   | Reached skill level 8 in Short Blades
  8826 | Lair:6   | Reached skill level 8 in Long Blades
  8826 | Lair:6   | Reached skill level 8 in Axes
  8826 | Lair:6   | Reached skill level 8 in Maces & Flails
  8826 | Lair:6   | Reached skill level 8 in Polearms
  8826 | Lair:6   | Reached skill level 8 in Staves
  8826 | Lair:6   | Reached skill level 8 in Slings
  8826 | Lair:6   | Reached skill level 8 in Bows
  8826 | Lair:6   | Reached skill level 8 in Crossbows
  8826 | Lair:6   | Reached skill level 8 in Throwing
  8826 | Lair:6   | Reached skill level 8 in Armour
  8826 | Lair:6   | Reached skill level 8 in Shields
  8826 | Lair:6   | Reached skill level 8 in Unarmed Combat
  8826 | Lair:6   | Reached skill level 8 in Evocations
  9100 | Lair:6   | Reached skill level 9 in Invocations
  9476 | Lair:4   | Reached skill level 7 in Hexes
  9476 | Lair:4   | Reached skill level 7 in Charms
  9476 | Lair:4   | Reached skill level 7 in Summonings
  9476 | Lair:4   | Reached skill level 7 in Necromancy
  9476 | Lair:4   | Reached skill level 7 in Translocations
  9476 | Lair:4   | Reached skill level 7 in Transmutations
  9476 | Lair:4   | Reached skill level 9 in Fire Magic
  9476 | Lair:4   | Reached skill level 7 in Ice Magic
  9476 | Lair:4   | Reached skill level 7 in Air Magic
  9476 | Lair:4   | Reached skill level 7 in Earth Magic
  9476 | Lair:4   | Reached skill level 7 in Poison Magic
  9686 | Lair:3   | Learned a level 3 spell: Mephitic Cloud
  9694 | Lair:3   | Killed Rupert
  9850 | Lair:2   | Found a runed translucent gate.
  9850 | Lair:2   | Found a runed translucent gate.
  9850 | Lair:2   | Found a runed translucent gate.
  9858 | Lair:2   | Noticed Pokahut's ghost (journeyman DsFi)
 10085 | Spider:1 | Entered Level 1 of the Spider Nest
 10091 | Spider:1 | Identified a ring of dexterity (You found it on level 6 of
                  | the Lair of Beasts)
 10098 | Spider:1 | Identified a ring of positive energy (You found it on level
                  | 4 of the Lair of Beasts)
 10100 | Spider:1 | Identified a scroll of summoning
 10101 | Spider:1 | Identified 3 potions of brilliance
 10102 | Spider:1 | Identified a potion of cancellation
 10330 | Spider:1 | Reached skill level 10 in Spellcasting
 10361 | Spider:1 | Reached XP level 14. HP: 76/106 MP: 2/28
 10554 | Spider:1 | Identified a +3 eveningstar of protection
 10554 | Spider:1 | Identified a +0 crystal plate armour
 10554 | Spider:1 | Identified a +0 shield
 10554 | Spider:1 | Noticed Donald
 10566 | Spider:1 | Identified a +0 large shield
 10583 | Spider:1 | Killed Donald
 10588 | Spider:1 | Noticed an emperor scorpion
 10596 | Spider:1 | Killed an emperor scorpion
 10674 | Spider:1 | Reached skill level 10 in Dodging
 10765 | Spider:1 | Noticed Aizul
 10768 | Spider:1 | Noticed an entropy weaver
 10775 | Spider:1 | Killed from afar by Aizul

Table legend:
 A = Turns spent in this place as a percentage of turns spent in the entire game.
 B = Non-inter-level travel turns spent in this place as a percentage of non-inter-level travel turns spent in the entire game.
 C = Inter-level travel turns spent in this place as a percentage of turns spent in this place.
 D = Turns resting spent in this place as a percentage of non-inter-level travel turns spent in this place.
 E = Turns spent auto-exploring this place as a percentage of non-inter-level travel turns spent in this place.
 F = Non-inter-level travel turns spent in this place divided by the number of levels of this place that you've seen.
                   A       B       C       D       E      F
               +-------+-------+-------+-------+-------+----------------------
         Total | 100.0 | 100.0 |   6.9 |   2.4 |   9.5 | 501.5
       Dungeon |  52.2 |  52.8 |   5.9 |   0.4 |  17.9 | 481.3
        Temple |   0.2 |   0.2 |   0.0 |   0.0 |   0.0 |  19.0
          Lair |  39.1 |  38.3 |   8.9 |   0.0 |   0.0 | 640.3
   Spider Nest |   6.4 |   6.5 |   5.8 |  33.4 |   0.0 | 650.0
       Volcano |   2.1 |   2.3 |   0.0 |   0.0 |   0.0 | 226.0
               +-------+-------+-------+-------+-------+----------------------

Table legend:
 A = Kills in this place as a percentage of kills in entire the game.
 B = Kills by you in this place as a percentage of kills by you in the entire game.
 C = Kills by friends in this place as a percentage of kills by friends in the entire game.
 D = Other kills in this place as a percentage of other kills in the entire game.
 E = Experience gained in this place as a percentage of experience gained in the entire game.
 F = Experience gained in this place divided by the number of levels of this place that you have seen.
                   A       B       C       D       E      F
               +-------+-------+-------+-------+-------+----------------------
         Total | 100.0 | 100.0 | 100.0 | 100.0 | 100.0 | 3151.2
       Dungeon |  56.6 |  66.1 |  38.6 |   0.0 |  17.5 | 1004.3
          Lair |  34.6 |  26.6 |  50.0 |   0.0 |  61.4 | 6449.3
   Spider Nest |   5.8 |   6.9 |   3.2 | 100.0 |  17.7 | 11155.0
       Volcano |   3.0 |   0.3 |   8.2 |   0.0 |   3.4 | 2127.0
               +-------+-------+-------+-------+-------+----------------------

Skill      XL: |  1  2  3  4  5  6  7  8  9 10 11 12 13 14 |
---------------+-------------------------------------------+-----
Conjurations   | 2 3 4 5 6 7 |  7.8
Spellcasting   | 5 6 7 8 9 10 | 10.2
Invocations    | 1 2 3 4 5 6 7 8 9 |  9.7
Fighting       | 1 2 3 4 5 6 7 8 |  8.9
Short Blades   | 1 2 3 4 5 6 7 8 |  8.9
Long Blades    | 1 2 3 4 5 6 7 8 |  8.9
Axes           | 1 2 3 4 5 6 7 8 |  8.9
Maces & Flails | 1 2 3 4 5 6 7 8 |  8.9
Polearms       | 1 2 3 4 5 6 7 8 |  8.9
Staves         | 1 2 3 4 5 6 7 8 |  8.9
Slings         | 1 2 3 4 5 6 7 8 |  8.9
Bows           | 1 2 3 4 5 6 7 8 |  8.9
Crossbows      | 1 2 3 4 5 6 7 8 |  8.9
Throwing       | 1 2 3 4 5 6 7 8 |  8.9
Armour         | 1 2 3 4 5 6 7 8 |  8.9
Shields        | 1 2 3 4 5 6 7 8 |  8.9
Unarmed Combat | 1 2 3 4 5 6 7 8 |  8.9
Evocations     | 1 2 3 4 5 6 7 8 |  8.9
Hexes          | 1 2 3 4 5 6 7 |  7.4
Charms         | 1 2 3 4 5 6 7 |  7.4
Summonings     | 1 2 3 4 5 6 7 |  7.4
Necromancy     | 1 2 3 4 5 6 7 |  7.4
Translocations | 1 2 3 4 5 6 7 |  7.4
Transmutations | 1 2 3 4 5 6 7 |  7.4
Ice Magic      | 1 2 3 4 5 6 7 |  7.4
Air Magic      | 1 2 3 4 5 6 7 |  7.4
Earth Magic    | 1 2 3 4 5 6 7 |  7.4
Poison Magic   | 1 2 3 4 5 6 7 |  7.4
Dodging        | 5 6 7 8 9 10 | 10.0
Stealth        | 5 6 7 8 9 |  9.9
Fire Magic     | 6 7 8 9 |  9.3

Action                   |  1- 3 |  4- 6 |  7- 9 | 10-12 | 13-15 || total
-------------------------+-------+-------+-------+-------+-------++-------
Melee: Unarmed           |    13 |    19 |       |       |       ||    32
       Bite              |     2 |     1 |    20 |    56 |    61 ||   140
       Dagger            |       |     1 |   105 |   179 |   192 ||   477
       Staff             |       |       |    27 |    43 |    16 ||    86
       Falchion          |       |       |     4 |     9 |       ||    13
       Punch             |       |       |     2 |     4 |       ||     6
       Long sword        |       |       |       |     6 |       ||     6
Throw: Stone             |       |       |     5 |    10 |     2 ||    17
 Cast: Flame Tongue      |    51 |    63 |   238 |   176 |    15 ||   543
       Conjure Flame     |       |     4 |     9 |    27 |    24 ||    64
       Sticky Flame      |       |       |     7 |     8 |     2 ||    17
       Summon Lightning  |       |       |     2 |    88 |    37 ||   127
       Fireball          |       |       |       |     7 |     6 ||    13
       Regeneration      |       |       |       |     3 |     6 ||     9
       Animate Skeleton  |       |       |       |     3 |     2 ||     5
       Summon Ice Beast  |       |       |       |     7 |    12 ||    19
       Apportation       |       |       |       |     2 |       ||     2
       Mephitic Cloud    |       |       |       |       |     7 ||     7
Invok: Slouch            |       |       |       |     1 |     4 ||     5
       Bend Time         |       |       |       |     1 |       ||     1
       Temporal Distorti |       |       |       |     1 |       ||     1
 Abil: Evoke Invisibilit |       |       |       |       |     4 ||     4
Evoke: Wand              |       |       |       |     3 |     1 ||     4
  Use: Potion            |       |     6 |       |       |     2 ||     8
       Scroll            |       |     3 |     1 |    18 |     7 ||    29
 Stab: Distracted        |       |       |     1 |     6 |     8 ||    15
       Invisible         |       |       |       |       |    10 ||    10
       Confused          |       |       |       |       |     2 ||     2
       Sleeping          |       |       |       |       |     2 ||     2
  Eat: Chunk             |       |     2 |     5 |    11 |     3 ||    21
       Ration            |       |       |       |       |     1 ||     1
Armor: Robe              |     3 |     5 |     3 |       |       ||    11
       Skin              |       |    26 |       |       |       ||    26
       Leather armour    |       |       |    76 |    52 |    27 ||   155
Dodge: Dodged            |    19 |    31 |   209 |   259 |   130 ||   648
Block: Buckler           |       |       |       |    60 |    73 ||   133
       Rpst.: Falchion   |       |       |     1 |     4 |       ||     5
       Long sword        |       |       |       |     1 |       ||     1

Vanquished Creatures
  Rupert (Lair:3)
  Kirke (Lair:5)
  An emperor scorpion (Spider:1)
  A dire elephant (Lair:6)
  A hydra (Lair:5)
  9 death yaks
  6 orb spiders (Spider:1)
  A lindwurm (Lair:6)
  An ugly thing (D:10)
  3 wolf spiders (Spider:1)
  A manticore (Lair:6)
  6 elephants (Lair:6)
  A black mamba (Lair:5)
  A torpor snail (Lair:6)
  6 spiny frogs
  2 demonic crawlers (Spider:1)
  A rime drake (Lair:6)
  5 komodo dragons
  2 polar bears
  2 jumping spiders
  2 slime creatures (Lair:5)
  3 blink frogs (Lair:2)
  Prince Ribbit (D:8)
  4 hippogriffs
  7 redbacks
  3 tarantellas (Spider:1)
  A wyvern (Lair:3)
  7 yaks
  A hog (Lair:5)
  A fire bat (Volcano)
  A hell hound (Lair:6)
  2 porcupines
  3 water moccasins
  An orc warrior (D:8)
  5 ice beasts
  A necrophage (D:8)
  4 ogres
  2 phantoms
  5 wolves
  4 centaurs
  6 crocodiles
  11 bullfrogs
  A scorpion (D:4)
  3 killer bees (D:7)
  4 howler monkeys
  3 wights
  3 electric eels
  5 crimson imps
  2 bullfrog zombies
  3 centaur skeletons
  A centaur zombie (D:5)
  8 hounds
  5 orc priests
  5 bullfrog skeletons
  A jelly (D:6)
  11 orc wizards
  5 hell rats (Lair:3)
  4 worker ants
  6 ogre zombies (D:11)
  A hound skeleton (D:4)
  A worker ant zombie (D:5)
  6 adders
  A shadow imp (D:8)
  3 worms
  2 dart slugs (D:4)
  8 leopard geckos
  23 orcs
  3 ball pythons
  6 giant cockroaches
  6 goblins
  6 hobgoblins
  8 jackals
  2 quokkas
  6 bats
  6 frilled lizards
  2 goblin zombies (D:11)
  A hobgoblin zombie (D:11)
  5 kobolds
  A leopard gecko skeleton (D:4)
  An orc skeleton (D:11)
  5 orc zombies (D:11)
  5 rats
305 creatures vanquished.

Vanquished Creatures (collateral kills)
  Donald (Spider:1)
  A fire dragon (Volcano)
  A two-headed ogre (D:10)
  A merfolk avatar (Lair:6)
  3 death yaks
  A lindwurm (Volcano)
  A harpy (Lair:6)
  An orb spider (Spider:1)
  4 oklob plants
  An elephant (Lair:6)
  2 manticores
  A black mamba (Lair:5)
  7 spiny frogs
  A rime drake (Lair:6)
  6 komodo dragons
  A jumping spider (Spider:1)
  2 polar bears (Lair:6)
  A wind drake (Lair:6)
  2 hornets (Lair:6)
  10 blink frogs
  3 hippogriffs
  2 dream sheep (Lair:6)
  2 slime creatures (Lair:5)
  2 redbacks
  A tarantella (Spider:1)
  9 fire bats (Volcano)
  A vampire (D:11)
  2 basilisks
  8 yaks
  A hog (Lair:5)
  A hungry ghost (D:11)
  2 steam dragons (Volcano)
  A two-headed ogre zombie (D:11)
  A hell hound (Lair:6)
  5 water moccasins
  4 porcupines
  A black bear (Lair:2)
  An ice beast (D:11)
  An orc warrior (D:10)
  An ogre (D:11)
  2 phantoms (D:11)
  4 wolves
  10 crocodiles
  3 centaurs
  A bullfrog (Lair:5)
  A scorpion (D:10)
  9 wights
  A hound (D:11)
  An orc priest (D:10)
  An iguana (D:11)
  2 orc wizards (D:10)
  A hell rat (Lair:3)
  An ogre zombie (D:11)
  11 orcs
  3 goblin zombies (D:11)
  4 hobgoblin skeletons (D:11)
  A hobgoblin zombie (D:11)
  An orc skeleton (D:11)
  4 orc zombies (D:11)
  5 plants (D:11)
163 creatures vanquished.

Vanquished Creatures (others)
  16 fungi
  16 plants
32 creatures vanquished.

Grand Total: 500 creatures vanquished
